 Dungeon Crawl Stone Soup version 0.27.0-1-g7a089689b8 (webtiles) character file.

Game seed: 319650605358670973

189 sanka the Ducker (level 5, -6/39 HPs)
             Began as a Vampire Hedge Wizard on Aug 12, 2021.
             Killed from afar by Ijyb (12 damage)
             ... with a bolt of acid
             ... on level 3 of the Dungeon.
             The game lasted 00:04:52 (4746 turns).

sanka the Ducker (Vampire Hedge Wizard)             Turns: 4746, Time: 00:04:52

Health: -6/39      AC:  8    Str: 15    XL:     5   Next: 40%
Magic:  5/9        EV: 13    Int: 16    God:
Gold:   162        SH:  0    Dex: 15    Spells: 7/10 levels left

rFire    . . .     SeeInvis +   p - +2 dagger (protect)
rCold    . . .     Faith    .   (no shield)
rNeg     . . .     Spirit   .   o - +2 leather armour {rPois}
rPois    +         Reflect  .   c - +0 hat
rElec    .         Harm     .   (no cloak)
rCorr    .         Rampage  .   (no gloves)
Will     .....                  (no boots)
Stlth    ++........             l - amulet of the acrobat
HPRegen  0.33/turn              n - +6 ring of strength
MPRegen  0.11/turn              (no ring)

@: corroded, under a protective aura, very slightly contaminated, healing
quickly
A: alive, fangs 3, see invisible, vampiric 2
a: Exsanguinate


You were on level 3 of the Dungeon.
You visited 1 branch of the dungeon, and saw 4 of its levels.

You collected 162 gold pieces.


Innate Abilities, Weirdness & Mutations

Your natural rate of healing is accelerated.
You have razor-sharp teeth.
You have supernaturally acute eyesight. (SInv)
You are afflicted with vampirism and can become a bat while bloodless.


   Skills:
 + Level 2.5 Fighting
 + Level 4.0 Dodging
 - Level 3.0 Stealth
 - Level 3.0 Spellcasting
 - Level 1.0 Conjurations
 - Level 3.0 Summonings
 - Level 0.7 Translocations


You had 7 spell levels left.
You knew the following spells:

 Your Spells              Type           Power      Damage    Failure   Level
x - Call Imp              Summ           12%        N/A       10%         2
z - Magic Dart            Conj           20%        1d4       16%         1

Your spell library contained the following spells:

 Spells                   Type           Power      Damage    Failure   Level
 Blink                    Tloc           N/A        N/A       26%         2
 Slow                     Hex            2%         N/A       34%         2
 Conjure Flame            Conj/Fire      4%         6-21      50%         3
 Mephitic Cloud           Conj/Pois/Air  3%         N/A       52%         3

Inventory:

Hand Weapons
 p - a +2 dagger of protection (weapon)
Armour
 b - a +0 robe
 c - a +0 hat (worn)
 o - a +2 leather armour of poison resistance (worn)
Jewellery
 l - an amulet of the acrobat (around neck)
 n - a +6 ring of strength (left hand)
Scrolls
 a - a scroll of fear {unknown}
 d - 4 scrolls of teleportation {unknown}
 g - 6 scrolls of identify {unknown}
 j - a scroll of noise {unknown}
 k - 2 scrolls of enchant armour {unknown}
 m - a scroll of immolation {unknown}
Potions
 e - 2 potions of curing {@q1}
 f - a potion of mutation {unknown}
 h - a potion of might {unknown}
 i - a potion of flight {unknown}

Dungeon Overview and Level Annotations

Branches:
Dungeon (4/15)
 Temple: D:4-7

Altars:
Gozag
Beogh

Shops:
D:2 [

Annotations:
D:3 Ijyb

▒▒▒..▒.▒ ▒.▒.▒ ▒ ▒..▒.▒▒▒.▒.▒ ▒
▒........▒.▒▒ ▒ ▒.▒▒.▒▒▒▒▒..▒
▒▒▒.▒▒.▒ ▒▒.▒▒ ..▒.▒▒.▒ ▒..▒
.▒▒.▒▒.▒ ▒..▒▒
..▒.▒▒.▒▒▒▒▒▒▒.)▒▒▒▒▒▒▒▒▒▒▒▒▒▒▒
..▒............>V.5...........▒
..▒..▒.▒▒▒▒▒▒▒g▒▒▒▒▒▒▒▒▒▒▒▒▒▒.▒
.....▒.▒▒.▒ ▒.▒..............▒
....▒▒.▒▒.▒ ▒.▒.▒▒▒▒▒▒▒▒▒▒▒..▒
.....▒....▒▒▒▒.▒.▒▒▒▒▒▒▒▒▒▒▒..▒
...▒......▒......[.▒.......▒..▒
.......▒▒▒▒.▒▒.▒.▒.▒.▒▒▒▒▒.▒..▒
..▒▒▒▒.▒ ▒.▒▒.▒<▒.▒†▒▒▒.▒.▒..▒
..▒ ▒.▒ ▒.▒▒.▒.▒.▒.....▒.▒..▒


You could see Ijyb (ally target) and a friendly white imp (summoned).


Message History

You climb downwards.
Level annotation: Ijyb The goblin hits you with a +0 dagger.
There is a stone staircase leading up here.
Unknown command.
You climb upwards.
There is a stone staircase leading down here.
Unknown command.
You miscast Call Imp.
You are very lightly contaminated with residual magic.
Nothing appears to happen.
Ijyb zaps a wand.
The bolt of acid hits you! The acid corrodes you!
You are splashed with acid!
* * * LOW HITPOINT WARNING * * *
The goblin hits you with a +0 dagger.
* * * LOW HITPOINT WARNING * * *
You hit the goblin.
Your weapon exudes an aura of protection.
You kill the goblin!
Ijyb hits you with a +4 club!
* * * LOW HITPOINT WARNING * * *
Ijyb zaps a wand.
The bolt of acid misses you.
You see here a +0 dagger.
A beastly little devil appears in a puff of frigid air.
Ijyb zaps a wand.
The bolt of acid hits you!
You die...

Action                   |  1- 3 |  4- 6 || total
-------------------------+-------+-------++-------
Melee: Dagger            |    40 |    47 ||    87
       Bite              |     1 |     8 ||     9
 Cast: Magic Dart        |    89 |    20 ||   109
       Call Imp          |     2 |     7 ||     9
  Use: Potion            |     2 |       ||     2
Armor: Robe              |     7 |     3 ||    10
       Leather armour    |       |    11 ||    11
Dodge: Dodged            |    41 |    35 ||    76

Levels and vault maps discovered:
D:1:      minmay_arrival_four_houses, layout_basic, serial_co_window_serial,
          co_window_corner_a, co_window_corner_a, co_window_of_opportunity_a,
          co_window_corner_a, co_window_corner_a, co_window_paths_c,
          co_window_unsneaky_path_b, co_window_broadway_b, co_window_4corner_a,
          co_window_paths_e, glass_columns_a, glass_columns_a, glass_columns_b,
          glass_columns_b, glass_columns_a, minmay_hexomino_c4
D:2:      layout_loops_corners, serial_shops, nicolae_shop_statue_plus,
          hex_large
D:3:      layout_basic, amcnicky_altar_gilded, serial_curves, eino_curves_03,
          eino_curves_03, kennysheep_orc_chapel
D:4:      kennysheep_the_goblin_king, layout_cave_pools, uniq_eustachio,
          uniq_sigmund

Notes
Turn   | Place    | Note
-------+----------+-------------------------------------------
     0 | D:1      | sanka the Vampire Hedge Wizard began the quest for the Orb.
     0 | D:1      | Reached XP level 1. HP: 13/13 MP: 4/4
   642 | D:1      | Reached skill level 1 in Conjurations
   726 | D:1      | Reached XP level 2. HP: 19/19 MP: 1/6
   831 | D:1      | Reached skill level 2 in Summonings
  1644 | D:2      | HP: 1/19 [adder (4)]
  1734 | D:2      | HP: 1/19 [adder (4)]
  1742 | D:2      | Reached skill level 3 in Summonings
  1742 | D:2      | Gained mutation: You are afflicted with vampirism and can
                  | become a bat while bloodless. [Vampire growth]
  1742 | D:2      | Reached XP level 3. HP: 13/24 MP: 1/7
  1828 | D:1      | Learned a level 2 spell: Call Imp
  2241 | D:2      | Found Epofrey's Armour Shop.
  3132 | D:3      | Reached skill level 1 in Fighting
  3524 | D:3      | Reached XP level 4. HP: 32/32 MP: 4/8
  3941 | D:2      | Reached skill level 3 in Dodging
  4149 | D:3      | Found an opulent altar of Gozag.
  4504 | D:4      | Noticed a phantom
  4578 | D:3      | Killed a phantom
  4579 | D:3      | Reached skill level 2 in Fighting
  4579 | D:3      | Reached XP level 5. HP: 10/39 MP: 3/9
  4687 | D:4      | Noticed Ijyb
  4705 | D:3      | Reached skill level 4 in Dodging
  4746 | D:3      | Killed from afar by Ijyb

Vanquished Creatures
  A phantom (D:3)
  An orc priest (D:2)
  3 adders
  2 dart slugs
  2 orcs (D:2)
  5 endoplasms
  A giant cockroach (D:2)
  3 hobgoblins
  4 jackals (D:1)
  3 kobolds
  3 quokkas
  A ball python (D:3)
  6 bats
  3 frilled lizards
  10 goblins
  A rat (D:2)
49 creatures vanquished.

Vanquished Creatures (collateral kills)
  An orc priest (D:3)
  A worm (D:2)
  An orc (D:3)
3 creatures vanquished.

Grand Total: 52 creatures vanquished
